 Dungeon Crawl Stone Soup version 0.27-a0-1391-g48c30b3128 (webtiles) character file.

Game seed: 16486413004661983075

835 Kinoniko the Cleaver (level 7, -13/52 HPs)
             Began as a Demonspawn Berserker on July 1, 2021.
             Was a Priest of Trog.
             Killed by divine providence
             ... invoked by an orc priest
              (15 damage)
             ... on level 5 of the Dungeon.
             The game lasted 00:04:30 (3954 turns).

Kinoniko the Cleaver (Demonspawn Berserker)         Turns: 3954, Time: 00:04:31

Health: -13/52     AC:  6    Str: 19    XL:     7   Next: 66%
Magic:  7/7        EV: 11    Int:  8    God:    Trog [***...]
Gold:   152        SH:  0    Dex: 13    Spells: 6/6 levels left

rFire    + . .     SeeInvis .   a - +0 hand axe
rCold    . . .     Faith    +   (no shield)
rNeg     . . .     Spirit   .   n - +0 troll leather armour {Purgy}
rPois    .         Reflect  .   (no helmet)
rElec    .         Harm     .   (no cloak)
rCorr    .         Rampage  .   (no gloves)
Will     .....                  c - +0 pair of boots
Stlth    +.........             p - amulet of faith
HPRegen  1.17/turn              d - ring of protection from fire
MPRegen  0.10/turn              (no ring)

@: on berserk cooldown, slowed, very slow
A: hooves 1, ignite blood 2, powered by death 1, sharp scales 1
a: Renounce Religion, Berserk, Trog's Hand


You were on level 5 of the Dungeon.
You worshipped Trog.
Trog was most pleased with you.
You visited 1 branch of the dungeon, and saw 5 of its levels.

You collected 152 gold pieces.

Inventory:

Hand Weapons
 a - a +0 hand axe (weapon)
Armour
 c - a +0 pair of boots (worn)
 n - a +0 troll leather armour (worn) {Purgy}
Jewellery
 d - a ring of protection from fire (left hand)
 p - an amulet of faith (around neck)
Wands
 k - a wand of paralysis (7)
 o - a wand of polymorph (7)
Scrolls
 e - a scroll of identify
 l - a scroll of torment
 m - a scroll of amnesia {unknown}
Potions
 b - a potion of invisibility {unknown}
 f - a potion of might {unknown}
 g - a potion of resistance {unknown}
 h - a potion of brilliance {unknown}
 i - a potion of haste
 j - a potion of curing {unknown}


   Skills:
 - Level 3.0 Fighting
 * Level 8.4 Axes
 - Level 1.7 Armour
 - Level 1.7 Dodging


You had 6 spell levels left.
You didn't know any spells.
Your spell library contained the following spells:

 Spells                   Type           Power      Damage    Failure   Level
 Confusing Touch          Hex            0%         N/A       83%         3
 Gell's Gravitas          Tloc           0%         N/A       83%         3
 Petrify                  Tmut/Erth      0%         N/A       99%         4
 Metabolic Englaciation   Hex/Ice        0%         N/A       100%        5
 Yara's Violent Unravell  Hex/Tmut       0%         3d3       100%        5


Dungeon Overview and Level Annotations

Branches:
Dungeon (5/15)             Temple (0/1) D:4

Altars:
Ru

Shops:
D:1 (=


Innate Abilities, Weirdness & Mutations

You have large cloven feet.
Your demonic aura often causes spilled blood to erupt in flames.
You regenerate a little health from kills.
You are partially covered in razor-sharp scales. (AC +1, Slay +1)


Message History

You hear a shout!
Things that are here:
a +0 war axe; a +0 leather armour You hit the ogre.
The ogre is lightly wounded.
You are no longer berserk.
You are exhausted.
You feel yourself slow down.
You hit the ogre.
The ogre is moderately wounded.
The ogre barely misses you.
An adder comes into view.
The adder hisses angrily.
You slash the ogre!
The ogre is heavily wounded.
You closely miss the orc priest. The ogre closely misses you.
The orc priest hits you with a +0 dagger.
You hit the ogre.
The ogre is heavily wounded.
You hit something but do no damage. You hit the orc priest. Something hits you.
The ogre hits you with a +0 giant club. The orc priest misses you.
Something hits you.
You are too injured to fight recklessly!
You are too injured to fight recklessly!
Unknown command.
The ogre closely misses you. The ogre barely misses you.
The orc priest calls down the wrath of Beogh upon you.
Beogh smites you! The adder barely misses you.
The orc priest hits you but does no damage.
The adder misses you.
The orc priest hits you but does no damage.
There is a stone staircase leading up here.
The adder misses you.
The ogre hits you with a +0 giant club!!
* * * LOW HITPOINT WARNING * * *
The orc priest invokes the aid of Beogh against you.
Beogh smites you!
You die...

... .. .#. ..###.
..##.##... #.....
##.#...#.# #...#.
..) $...
#.....###.# ..# #
#.........##.##....
#......#5.)†.....#
##.#...So.)#.#.....
.......@O#.#$# ..#
##....§#...### #
#...#......... ..$.
...##..#.# ... .##.
#....# .. #. #.
###... . . ## ####
#.


You could see an ogre, an orc priest, an adder and a shadow imp.

Vanquished Creatures
  Purgy (D:3)
  2 black bears (D:4)
  An ogre (D:4)
  2 scorpions
  A jelly (D:4)
  A gnoll shaman (D:4)
  Jessica (D:3)
  An iguana (D:5)
  8 gnolls
  8 adders
  An adder skeleton (D:4)
  A dart slug (D:1)
  A worm (D:2)
  10 orcs
  5 ball pythons
  6 endoplasms
  3 giant cockroaches
  4 goblins
  9 hobgoblins
  7 kobolds
  5 quokkas
  6 bats
  4 frilled lizards
  5 rats
93 creatures vanquished.

Notes
Turn   | Place    | Note
-------+----------+-------------------------------------------
     0 | D:1      | Kinoniko the Demonspawn Berserker began the quest for the
                  | Orb.
     0 | D:1      | Reached XP level 1. HP: 18/18 MP: 1/1
    21 | D:1      | Reached skill level 3 in Axes
    27 | D:1      | Gained mutation: You are partially covered in razor-sharp
                  | scales. (AC +1, Slay +1) [demonic ancestry]
    27 | D:1      | Reached XP level 2. HP: 13/24 MP: 2/2
   374 | D:1      | Found Xodghun's Jewellery Emporium.
   510 | D:1      | Found Goseiwio's Antique Weapon Emporium.
   757 | D:1      | Reached ** piety under Trog
   862 | D:2      | Reached XP level 3. HP: 28/29 MP: 3/3
   973 | D:2      | Reached skill level 4 in Axes
  1652 | D:2      | Gained mutation: Your demonic aura sometimes causes spilled
                  | blood to erupt in flames. [demonic ancestry]
  1652 | D:2      | Reached XP level 4. HP: 26/35 MP: 4/4
  2010 | D:3      | Reached skill level 5 in Axes
  2026 | D:3      | Gained mutation: You have large cloven feet. [demonic
                  | ancestry]
  2026 | D:3      | Reached XP level 5. HP: 4/41 MP: 5/5
  2531 | D:3      | Noticed Jessica
  2541 | D:3      | Killed Jessica
  2609 | D:3      | Found a sacrificial altar of Ru.
  2774 | D:3      | Noticed Purgy
  2780 | D:3      | Killed Purgy
  2780 | D:3      | Reached *** piety under Trog
  2781 | D:3      | Reached skill level 6 in Axes
  2781 | D:3      | Gained mutation: You regenerate a little health from kills.
                  | [demonic ancestry]
  2781 | D:3      | Reached XP level 6. HP: 47/47 MP: 6/6
  3218 | D:4      | Found a staircase to the Ecumenical Temple.
  3365 | D:4      | Reached skill level 7 in Axes
  3472 | D:4      | Gained mutation: Your demonic aura often causes spilled
                  | blood to erupt in flames. [demonic ancestry]
  3472 | D:4      | Reached XP level 7. HP: 52/52 MP: 7/7
  3793 | D:4      | Reached skill level 8 in Axes
  3932 | D:5      | Entered Level 5 of the Dungeon
  3954 | D:5      | HP: 2/52 [ogre (18)]
  3954 | D:5      | Killed from afar by an orc priest

Illustrated notes

Levels and vault maps discovered:
D:1:      scummos_arrival_checkerplants, layout_rooms, serial_shops,
          nicolae_lakefront_shop, shop_statue, minmay_misc_feat_iff,
          minmay_stone_trees_small
D:2:      layout_loops_ring
D:3:      layout_basic, nicolae_ru_the_path_less_chosen, due_unseen_surprise,
          uniq_jessica, uniq_purgy
D:4:      layout_cave_pools, temple_statues, grunt_decor_cap
D:5:      layout_rooms, nicolae_sif_muna_little_library,
          minmay_fractal_squares_5

Skill      XL: |  1  2  3  4  5  6  7 |
---------------+----------------------+-----
Axes           | 3 4 5 6 7 8 |  8.4
Fighting       | |  3.0
Armour         | |  1.7
Dodging        | |  1.7

Action                   |  1- 3 |  4- 6 |  7- 9 || total
-------------------------+-------+-------+-------++-------
Melee: Hand axe          |   102 |    99 |    50 ||   251
Invok: Berserk           |     1 |     8 |     2 ||    11
  Use: Potion            |       |     1 |       ||     1
       Scroll            |       |     2 |       ||     2
 Stab: Sleeping          |     2 |       |       ||     2
Armor: Animal skin       |    24 |    23 |       ||    47
       Troll leather arm |       |    14 |    16 ||    30
Dodge: Dodged            |    64 |    84 |    28 ||   176

Table legend: (Time is in decaauts)
 A = Elapsed time spent in this place.
 B = Non-inter-level travel time spent in this place.
 C = Inter-level travel time spent in this place.
 D = Time resting spent in this place.
 E = Time spent auto-exploring this place.
 F = Levels seen in this place.
 G = Mean time per level.
                   A        B        C        D        E       F      G
               +--------+--------+--------+--------+--------+-----+--------+
         Total |   4055 |   3987 |     68 |    913 |   2464 |   5 |  811.0 |
       Dungeon |   4055 |   3987 |     68 |    913 |   2464 |   5 |  811.0 |
               +--------+--------+--------+--------+--------+-----+--------+

Top non-repeatable levels by time:
     D:3: 1508 daAuts
     D:2: 905 daAuts
     D:1: 873 daAuts
     D:4: 749 daAuts
     D:5: 19 daAuts
